Map: [ESL] Goldenaura

Players

Oliveira

  • Race: Terran Terran
  • Spawn Location: 12:00

Solar - Winner!

  • Race: Zerg Zerg
  • Spawn Location: 5:00

Event: ESL SC2 Masters 2023 Winter (Finals)

VOD

Have the link to the VOD?

Description

Time

  • Played on: Dec. 15, 2023, 4:10 p.m.
  • Length: 9:31

All games in this series

Show
View Real Time Build Order
Export as new Build Order

Oliveira Terran 

Build Orders: Reaper Expand 

Get SALT Encoding   

  12  0:00  SCV  
  13  0:12  SCV  
  14  0:17  Supply Depot  
  14  0:24  SCV  
  15  0:39  SCV  
  15  0:40  Barracks  
  16  0:43  Refinery  
  16  0:51  SCV  
  17  1:03  SCV  
  18  1:15  SCV  
  19  1:28  Orbital Command, Reaper  
  20  1:40  Command Center  
  20  1:49  Supply Depot  
  20  1:54  SCV  
  20  2:00  Marine  
  22  2:06  SCV  
  23  2:13  Factory  
  23  2:18  SCV  
  23  2:19  Marine  
  25  2:30  SCV  
  26  2:37  Command Center  
  26  2:40  Barracks Reactor  
  26  2:44  SCV  
  27  2:51  Orbital Command  
  27  2:56  SCV  
  28  3:01  Starport  
  28  3:05  Refinery  
  28  3:08  SCV  
  29  3:18  SCV  
  30  3:20  Hellion, SCV  
  30  3:21  Hellion  
  35  3:30  SCV  
  35  3:32  SCV  
  37  3:38  Viking  
  39  3:43  Hellion x2  
  39  3:45  SCV x2  
  39  3:47  Barracks Tech Lab  
  45  3:50  Orbital Command  
  45  3:57  SCV x2  
  45  4:00  Supply Depot  
  47  4:05  Widow Mine x2  
  47  4:08  Medivac  
  47  4:09  Marine  
  54  4:11  SCV x2, Concussive Shells  
  54  4:16  SCV  
  57  4:23  SCV, Supply Depot  
  58  4:24  SCV  
  58  4:26  Widow Mine x2  
  58  4:27  Marine  
  65  4:31  SCV  
  65  4:36  SCV x2  
  67  4:40  Barracks  
  67  4:43  SCV  
  68  4:46  Marine, Supply Depot  
  68  4:47  Starport Reactor  
  68  4:49  Barracks  
  68  4:50  SCV  
  70  4:54  Factory Tech Lab, SCV  
  70  4:56  Stimpack  
  70  4:57  SCV  
  72  5:00  Engineering Bay  
  72  5:01  Engineering Bay  
  72  5:04  Refinery x2  
  72  5:06  SCV  
  73  5:07  SCV  
  73  5:09  Supply Depot  
  74  5:18  Siege Tank  
  74  5:19  Orbital Command  
  77  5:21  SCV  
  77  5:23  SCV  
  77  5:24  Barracks x2  
  73  5:33  SCV  
  73  5:35  SCV  
  71  5:37  Starport Reactor  
  71  5:38  Marine x2  
  71  5:39  Marine x2  
  71  5:41  Terran Infantry Weapons Level 1  
  71  5:42  Supply Depot  
  75  5:44  SCV  
  75  5:46  Marine, SCV  
  75  5:47  SCV  
  79  5:50  Terran Infantry Armor Level 1  
  79  5:57  Marine, SCV  
  80  5:58  SCV  
  80  5:59  SCV  
  80  6:01  Marine x2  
  80  6:02  Siege Tank, Supply Depot, Marine  
  89  6:08  Marine, Supply Depot  
  89  6:10  SCV x2  
  92  6:16  Barracks Reactor x2  
  92  6:17  Marine  
  93  6:19  Barracks x2, Marine, SCV  
  93  6:20  Barracks  
  93  6:22  SCV  
  93  6:24  SCV  
  97  6:27  Medivac x2  
  97  6:29  Marine  
  97  6:30  Supply Depot, Marine  
  97  6:32  SCV, Supply Depot  
  104  6:33  Marine  
  104  6:36  Combat Shield  
  104  6:38  SCV x2  
  107  6:40  Marine, Supply Depot, Refinery  
  107  6:41  Marine  
  109  6:51  Marine  
  109  6:52  Siege Tank, Marine, Supply Depot, SCV x2  
  109  6:53  Marine x3, Supply Depot  
  119  6:56  Marine  
  119  7:00  Marine  
  121  7:02  Marine x2  
  121  7:03  Supply Depot  
  121  7:04  Armory, Supply Depot  
  121  7:05  Marine  
  121  7:06  Marine  
  121  7:08  Marine  
  126  7:09  Marine  
  126  7:10  Supply Depot, Marine  
  126  7:11  Marine  
  126  7:12  Medivac  
  126  7:15  Medivac  
  133  7:16  Marine  
  133  7:17  Marine  
  133  7:19  Marine  
  133  7:20  Marine x2  
  138  7:23  Marine x2  
  138  7:24  Marine  
  138  7:26  Siege Tank  
  138  7:28  Marine x2  
  138  7:29  Marine  
  147  7:32  Marine  
  147  7:33  Supply Depot  
  147  7:34  Marine  
  147  7:35  Marine  
  150  7:37  Marine  
  150  7:38  Marine x2  
  150  7:41  Marine  
  150  7:42  Marine  
  150  7:43  Marine  
  156  7:46  Marine x2  
  156  7:48  Marine  
  156  7:50  Marine  
  160  7:52  Marine x2  
  160  7:55  Marine  
  160  7:56  Marine x2  
  160  7:58  Marine, Medivac x2  
  169  8:00  Marine  
  169  8:04  Marine x3  
  173  8:08  Marine x2  
  173  8:10  Siege Tank  
  178  8:17  Marine, Marauder  
  178  8:18  Marine  
  178  8:19  Marine  
  179  8:21  Marine  
  179  8:22  Marine x2  
  179  8:26  Marine x2  
  171  8:27  Marine  
  171  8:28  Marine x2  
  147  8:35  Marine x2  
  147  8:37  Marine  
  147  8:38  Marine  
  147  8:39  Marine  
  147  8:40  Marine x2  
  145  8:44  Marine  
  137  8:50  Marine x2  
  117  9:03  Marine x2  
  117  9:04  Marine x2  
  117  9:06  Marine x3, SCV  
  120  9:11  Marine  
  120  9:18  SCV x2  
Show
View Real Time Build Order
Export as new Build Order

Solar Zerg - Winner!

Build Orders: Hatch First 

Get SALT Encoding   

  12  0:00  Drone  
  13  0:08  Drone  
  13  0:14  Extractor, Drone  
  15  0:36  Hatchery  
  15  0:41  Extractor  
  15  0:42  Drone  
  15  0:47  Overlord  
  15  1:02  Spawning Pool  
  14  1:06  Drone  
  14  1:10  Drone  
  16  1:13  Drone  
  16  1:18  Drone  
  18  1:28  Drone  
  19  1:39  Drone  
  20  1:48  Queen x2  
  20  1:50  Drone x2  
  26  2:06  Hatchery  
  25  2:11  Overlord  
  25  2:13  Drone  
  26  2:17  Drone  
  26  2:19  Drone  
  28  2:27  Extractor  
  28  2:29  Queen  
  27  2:31  Drone  
  27  2:32  Drone  
  27  2:36  Drone  
  32  2:39  Overlord  
  32  2:43  Drone  
  33  2:44  Drone  
  34  2:52  Drone  
  36  2:58  Drone x4  
  36  2:59  Drone x2  
  36  3:04  Drone  
  36  3:05  Drone  
  43  3:12  Overlord  
  43  3:15  Drone  
  43  3:18  Queen  
  46  3:20  Queen  
  46  3:25  Drone  
  46  3:26  Drone  
  50  3:34  Metabolic Boost  
  50  3:35  Drone x3  
  50  3:37  Drone x3  
  50  3:38  Drone  
  50  3:40  Overlord  
  57  3:42  Drone  
  57  3:45  Overlord  
  57  3:48  Overlord  
  58  3:54  Overlord  
  58  3:58  Queen  
  58  3:59  Queen  
  58  4:01  Drone  
  58  4:02  Drone x2  
  65  4:05  Zergling x4  
  65  4:06  Zergling x2  
  65  4:08  Drone  
  69  4:10  Drone x2  
  69  4:13  Zergling x4  
  69  4:14  Extractor  
  69  4:15  Overlord  
  72  4:19  Spore Crawler  
  72  4:22  Overlord  
  72  4:24  Drone  
  72  4:29  Drone x3  
  75  4:31  Spore Crawler  
  75  4:32  Drone, Evolution Chamber  
  75  4:34  Evolution Chamber  
  75  4:35  Queen  
  75  4:38  Queen  
  75  4:42  Drone x2  
  75  4:43  Zergling x6  
  75  4:45  Zergling x4  
  84  4:50  Overlord  
  84  4:51  Drone x2  
  86  4:53  Extractor  
  86  4:59  Drone x3  
  88  5:00  Zerg Melee Weapons Level 1, Zerg Ground Armor Level 1  
  88  5:03  Drone  
  89  5:08  Drone x3  
  89  5:12  Hatchery  
  89  5:13  Overlord  
  91  5:14  Zergling x2  
  91  5:19  Lair  
  92  5:22  Zergling x6  
  93  5:29  Zergling x4  
  93  5:34  Baneling Nest  
  92  5:36  Drone x3  
  94  5:43  Drone  
  94  5:44  Drone  
  94  5:48  Drone x5  
  94  5:49  Extractor  
  100  5:50  Extractor, Overlord x2  
  100  5:51  Drone x3  
  102  6:01  Zergling x6  
  105  6:04  Drone, Hatchery  
  105  6:11  Zergling x4  
  106  6:18  Drone x2, Centrifugal Hooks  
  108  6:19  Drone  
  108  6:20  Zergling x2, Drone  
  108  6:22  Overseer, Baneling x9  
  108  6:23  Drone  
  108  6:25  Zergling x8  
  116  6:29  Overlord  
  116  6:31  Zergling x6  
  118  6:36  Zergling x4  
  120  6:42  Zergling x2  
  120  6:43  Zergling x2  
  120  6:46  Zergling x4  
  123  6:52  Drone x2  
  123  6:54  Zergling x12  
  131  6:55  Drone x4  
  131  6:57  Zerg Melee Weapons Level 2, Zerg Ground Armor Level 2  
  131  6:59  Overlord x3  
  135  7:02  Infestation Pit  
  135  7:04  Drone  
  135  7:07  Baneling  
  135  7:08  Baneling x2  
  135  7:10  Zergling x2  
  135  7:11  Baneling x7  
  135  7:12  Overlord  
  135  7:13  Overlord  
  136  7:16  Zergling x8  
  137  7:23  Zergling x8  
  137  7:25  Zergling x8  
  137  7:28  Zergling x8  
  137  7:29  Hatchery  
  148  7:31  Zergling x8  
  148  7:32  Zergling x2  
  148  7:35  Zergling x4  
  155  7:38  Baneling x7  
  155  7:39  Baneling x2  
  155  7:42  Zergling x8  
  157  7:47  Zergling x2  
  157  7:49  Zergling x2  
  157  7:50  Zergling x4  
  161  7:53  Baneling x12  
  161  7:54  Zergling x6  
  161  7:57  Zergling x12  
  169  7:59  Zergling x8  
  169  8:01  Overlord  
  173  8:06  Zergling x6  
  173  8:11  Zergling x6  
  179  8:17  Zergling x4  
  177  8:21  Baneling x6  
  177  8:24  Zergling x2  
  177  8:25  Zergling x12  
  174  8:27  Baneling  
  174  8:33  Zergling x18  
  179  8:35  Zergling x4  
  179  8:36  Overlord  
  179  8:37  Overlord  
  176  8:47  Zergling x6  
  163  8:50  Baneling x12  
  163  8:52  Zergling x2  
  156  8:56  Zergling x4  
  156  8:58  Hatchery  
  126  9:03  Zergling x12  
  126  9:07  Zergling x6  
  127  9:11  Zergling x2  
  127  9:14  Zergling x14  
Tags
 
Add a new tag
Caveats
  • Supply blocks, unpowered buildings, or Contaminate may cause inaccurate times.
  • Supply counts are checked every 10 seconds.